← All builds
Tech / Armada / Economy first / OBSERVED BUILD

Standard tech

Armada Tech (Eco) build order · Supreme Isthmus

Rushes T2 by 4:15, gets Advanced Metal Extractor around 5:28, hands off T2 constructors to Geo and the team, then scales eco and supplies the team's T2 needs through the rest of the game.

Usually first T2 con to Geo (83%)

#eco #t2 #team support · 1579 distinct matches · 255 players · 58% of Armada Tech games · team won 53% of 1874 · Recently observed

HOW TO PLAY IT

Key timing: T2 factory by 4:15

  1. Open 3 mex and heavy wind to fund a fast T2 rush.
  2. Put down Bot Lab, planning to eat it for reclaim soon after.
  3. Get Advanced Bot Lab up, hitting the T2 factory rush timing.
  4. Upgrade mex to Advanced Metal Extractor to lock in team metal income.
  5. Eat Advanced Bot Lab and keep sending cons to Geo and Pond.

Phase by phase

TYPICAL OF ITS 1579 GAMES
  1. 1
  2. 2
  3. 3
  4. 4
PLAY THE OPENING

Follow the example game's first 6:00 step by step: what to build now, what comes next, and where it goes. At 1× it keeps pace with your own game.

  1. 1

    Up to the Bot Lab

    Economy
    • Metal Extractor3Mex
    • Wind Turbine4Wind
    Order
    1. Bot LabBot Lab after 3 mex, 4 winddone ~1:18, middle half 1:13–1:32

    Some games also: energy storage (31%)

    By 1:01 in all: 3 mex · 4 wind

    The example game in this phase · 3 steps
    1. Mex ×3
    2. Wind ×3
    3. Bot LabBot Labdone 1:09 · typical 1:18
  2. 2

    Bot Lab to Advanced Bot Lab

    Economy
    • Metal Extractor1Mex
    • Wind Turbine8Wind
    • Energy Storage1Energy storage
    Order
    1. Advanced Bot LabAdvanced Bot Lab after 4 mex, 12 wind, 3 con turretdone ~4:16, middle half 4:04–4:30
    Builders
    • Construction Turret3 Con turret
    • Lazarus3 Lazarus
    • Construction Bot2 Con bot
    • Construction Bot1 Con bot for allies

    Some games also: converter (36%)

    By 3:18 in all: 4 mex · 12 wind · 1 energy storage · 3 con turret

    The example game in this phase · 23 steps
    1. Construction BotCon bot
    2. Wind
    3. LazarusLazarus
    4. Wind ×2
    5. LazarusLazarus
    6. Wind ×2
    7. Mex
    8. LazarusLazarus
    9. Wind
    10. Construction BotCon botfor Air
    11. Energy storage
    12. Converter
    13. Windfor Geo sea
    14. Construction BotCon bot
    15. Wind
    16. Con turret
    17. Windfor Geo sea
    18. Con turret
    19. Converter
    20. Wind
    21. Con turret
    22. Bot LabEat Bot Labreclaimed for its metal
    23. Advanced Bot LabAdvanced Bot Labdone 4:05 · typical 4:16
  3. 3

    Advanced Bot Lab to 5:00

    Economy
    • Wind Turbine3Wind
    Order
    1. Bot LabEat Bot Lab
    Builders
    • Advanced Construction Bot1 T2 con bot for allies

    Some games also: converter (35%)

    By 5:00 in all: 4 mex · 15 wind · 1 converter · 1 energy storage · 3 con turret

    The example game in this phase · 6 steps
    1. Wind
    2. Wind ×2for Geo sea
    3. Advanced Construction BotT2 con bot ×2for Geo
    4. Windfor Geo sea
    5. FatboyFatboyfor Ponddone 5:12
    6. Windfor Geo sea
  4. 4

    5:00 to 10:00

    Economy
    • Wind Turbine43Wind
    • Energy Converter6Converter
    Builders
    • Butler9 Butler
    • Advanced Construction Bot4 T2 con bot for allies
    • Advanced Construction Bot1 T2 con bot

    Some games also: con turret (43%) · Butler for allies (36%)

    By 10:00 in all: 4 mex · 58 wind · 8 converter · 1 energy storage · 3 con turret

    The example game in this phase · 169 steps
    1. Windfor Geo sea
    2. Advanced Construction BotT2 con botfor Geo sea
    3. Windfor Geo sea
    4. Advanced Metal ExtractorT2 mexdone 6:04 · typical 5:29
    5. Windfor Geo sea
    6. Advanced Metal ExtractorT2 mex
    7. ButlerButler
    8. Windfor Geo sea
    9. Advanced Metal ExtractorT2 mex
    10. HoundHound
    11. Wind ×2for Geo sea
    12. HoundHoundfor Suicide front
    13. Advanced Metal ExtractorT2 mex
    14. HoundHoundfor Suicide front
    15. Wind
    16. HoundHoundfor Suicide front
    17. Advanced Construction BotT2 con botfor Beach sea
    18. ButlerButler ×2
    19. ButlerButlerfor Geo sea
    20. Windfor Beach sea
    21. ButlerButlerfor Geo sea
    22. Windfor Geo sea
    23. ButlerButler
    24. Wind
    25. ButlerButler
    26. Wind
    27. ButlerButler
    28. Wind
    29. Windfor Geo sea
    30. ButlerButler
    31. Windfor Beach sea
    32. ButlerButler
    33. Wind
    34. ButlerButler
    35. Windfor Beach sea
    36. Wind
    37. Windfor Geo sea
    38. ButlerButler
    39. Wind
    40. Converter
    41. Windfor Beach sea
    42. Wind ×2
    43. Windfor Beach sea
    44. ButlerButler
    45. Converter
    46. Wind ×4
    47. Windfor Geo sea
    48. Wind ×3
    49. Converter
    50. GhostGhost
    51. Wind ×5
    52. Converter
    53. Wind
    54. Windfor Beach sea
    55. ButlerButlerfor Beach sea
    56. Wind ×4
    57. Windfor Geo sea
    58. Converter
    59. Wind ×2
    60. Windfor Beach sea
    61. Wind ×3
    62. Windfor Beach sea
    63. Converter
    64. Wind
    65. ButlerButlerfor Beach sea
    66. Wind ×4
    67. Converter
    68. Windfor Geo sea
    69. Wind ×6
    70. ButlerButler
    71. Wind ×2
    72. Converter
    73. Wind ×4
    74. ButlerButler
    75. Wind ×2
    76. Converter
    77. Wind ×4
    78. ButlerButler
    79. Wind ×2
    80. Converter
    81. Wind ×4
    82. ButlerButler
    83. Wind ×4
    84. Converter
    85. Wind ×4
    86. Advanced Construction BotT2 con botfor Pond
    87. Wind ×3
    88. Converter
    89. Wind ×7
    90. Converter
    91. Wind ×5
    92. Advanced Construction BotT2 con bot
    93. Wind ×3
    94. Converter
    95. Wind ×8
    96. Con turret
    97. Wind ×2
    98. Converter
    99. Wind ×10
    100. Converter
    101. Wind ×7
    102. Con turret
    103. Wind ×3
    104. Converter
    105. Wind ×9
    106. Converter
    107. Wind ×4
    108. Con turret
    109. Wind ×5
    110. Converter
    111. Windfor Geo sea
    112. Wind ×9
    113. Converter
    114. Wind ×2
    115. Advanced Construction BotT2 con bot
    116. Wind ×5
    117. T2 converter
    118. Wind ×4
    119. Converter
    120. Wind ×3
    121. Windfor Geo sea
    122. Wind ×6
    123. Converter
    124. Wind ×4
    125. Windfor Geo sea
    126. Wind ×3
    127. Converter
    128. Wind
    129. Windfor Geo sea
    130. Wind ×6
    131. Windfor Geo sea
    132. Wind ×3
    133. Converter
    134. Wind ×9
    135. Converter
    136. Wind
    137. Fusion ReactorFusionnot finished by 15:00
    138. Wind ×8
    139. Converter
    140. Wind
    141. Windfor Geo sea
    142. Wind ×7
    143. Converter
    144. Wind ×4
    145. T2 converter
    146. Windfor Geo sea
    147. Metal storage
    148. Wind ×5
    149. Converter
    150. Windfor Geo sea
    151. Wind ×6
    152. Converter
    153. Wind
    154. SprinterSprinter
    155. Wind ×5
    156. Converter
    157. Wind ×7
    158. Converter
    159. Wind ×9
    160. Windfor Geo sea
    161. Wind ×6
    162. Converter
    163. Wind ×8
    164. Converter
    165. Wind ×10
    166. Converter
    167. Wind ×5
    168. Advanced Bot LabEat Advanced Bot Labreclaimed for its metal
    169. Wind

Counts are medians over the build's games: half of them build more, half fewer. The example game is kellanvad's (33 OS, 16/08/2026); pick another.

Team trades

IN AT LEAST 30% OF ITS GAMES

You hand over

  • Construction Bot1 Con bot to Airfirst at 2:23 · in 84% of games
  • Advanced Construction Bot5 T2 con bot to Air or Geo sea or Pondfirst at 4:50 · in 99% of games
  • Butler2 Butler to Geo sea or Beach sea or Pondfirst at 9:07 · in 42% of games

You get

  • Hercules1 Light transport from Airfirst at 4:01 · in 86% of games

How it plays out

Typical game of this build, running totals by minute

Metal produced

020k40k
0:005:0010:0015:00

metal

Enemy metal destroyed

050100
0:005:0010:0015:00

metal

Own metal lost

050100150
0:005:0010:0015:00

metal

1874 games.

Show as table
ByMetal produced: This buildEnemy metal destroyed: This buildOwn metal lost: This build
1:0038300
2:0091500
3:00165100
4:00314400
5:00484700
6:00580000
7:00722700
8:00906100
9:001117300
10:001350300
11:001624200
12:001965600
13:002344500
14:0027362073
15:003154285130
WHAT THE NUMBERS SAY

Standard Tech play barely fights at all early, instead pouring metal into T2 infrastructure and constructors for the team.

  • + Metal produced hits 31679 by 15:00, by far the highest of any role here.
  • + T2 factory reached in 97% of games by 4:15, fastest and most reliable T2 timing.
  • − Enemy metal destroyed stays at 0 through 10:00, no early offense at all.
  • − Own metal lost also near 0, showing total avoidance of combat risk.
THE EXAMPLE YOU ARE READING

kellanvad

33.0 OS · 16/08/2026

Open source match ↗

2 received units
3799 metal received · 37267 energy received

Allied construction assistance is unknown. Timings are observations, not a promise of solo reproducibility.

Typical milestones

Bot Lab1:18Middle 50%: 1:13–1:32 · n=1874
Advanced Bot Lab4:16Middle 50%: 4:04–4:30 · n=1867
Advanced Metal Extractor5:29Middle 50%: 5:05–5:59 · n=1870

Played most by

Amrissa93games of this buildTheGeneraI66games of this buildAdeus57games of this buildEl_Turco56games of this buildKOT_43games of this build